 Dungeon Crawl Stone Soup version 0.22.0 (webtiles) character file.

1668 Lavandula the Skirmisher (level 8, -17/108 (111) HPs)
             Began as a Centaur Berserker on Aug 12, 2018.
             Was a Priest of Trog.
             Demolished by an orc warrior
             ... wielding a +1 battleaxe of electrocution
              (29 damage)
             ... on level 8 of the Dungeon.
             The game lasted 00:14:23 (2604 turns).

Lavandula the Skirmisher (Centaur Berserker)        Turns: 2604, Time: 00:14:24

HP:   -17/108 (111) AC:  5    Str: 28    XL:     8   Next: 69%
MP:   8/9           EV:  9    Int:  6    God:    Trog [***...]
Gold: 185           SH:  0    Dex:  8    Spells: 7/7 levels left

rFire    + . .     SeeInvis .   l - +0 war axe
rCold    . . .     Gourm    .   (no shield)
rNeg     . . .     Faith    .   C - +0 ring mail
rPois    .         Spirit   .   (no helmet)
rElec    .         Reflect  .   (no cloak)
rCorr    .         Harm     .   (no gloves)
MR       +++..                  (no barding)
Stlth    ..........             (no amulet)
HPRegen  1.28/turn              h - ring of protection from fire
MPRegen  0.11/turn              r - ring of protection from magic

@: berserking (expiring), regenerating, very quick
A: large, hooves 3, deformed body, speed 2, tough skin 3
a: Berserk, Trog's Hand, Renounce Religion


You were on level 8 of the Dungeon.
You worshipped Trog.
Trog was most pleased with you.
You were not hungry.

You visited 1 branch of the dungeon, and saw 8 of its levels.

You collected 185 gold pieces.

Inventory:

Hand Weapons
 a - a +0 hand axe
 l - a +0 war axe (weapon)
 m - a +0 blowgun
 s - a +0 spear of piercing
 y - a +0 whip of flaming
 D - a +0 battleaxe
Missiles
 p - 3 poisoned needles
Armour
 b - a +0 animal skin
 C - a +0 ring mail (worn)
 F - a +0 buckler
Jewellery
 h - a ring of protection from fire (left hand)
 n - an uncursed ring of protection from magic
 o - an uncursed ring of resist corrosion
 r - a ring of protection from magic (right hand)
Wands
 q - a wand of disintegration (5)
Scrolls
 d - 5 scrolls of remove curse
 f - a scroll of amnesia {unknown}
 g - a scroll of noise {unknown}
 i - a scroll of enchant armour {unknown}
 j - 2 scrolls of enchant weapon
 k - 3 scrolls of teleportation
 t - 2 scrolls of fear
 u - 2 scrolls of magic mapping {unknown}
 w - a scroll of immolation {unknown}
 A - a scroll of blinking {unknown}
 G - a scroll of fog {unknown}
Potions
 v - a potion of heal wounds {unknown}
 x - a potion of magic {unknown}
 z - a potion of brilliance {unknown}
 B - a potion of berserk rage {unknown}
 E - 2 potions of curing {unknown}
 H - a potion of flight {unknown}
Comestibles
 c - 6 rations


   Skills:
 - Level 7.8 Fighting
 - Level 7.3 Axes
 - Level 3.2 Throwing
 - Level 1.3 Armour
 - Level 1.3 Dodging
 + Level 1.8 Evocations


You had 7 spell levels left.
You didn't know any spells.
Your spell library was empty.

Dungeon Overview and Level Annotations

Branches:
Dungeon (8/15)             Temple (0/1) D:6
   Lair: D:8-11

Altars:
Dithmenos
Nemelex Xobeh
Okawaru
Uskayaw
Vehumet
Wu Jian


Innate Abilities, Weirdness & Mutations

You have hooves in place of feet.
Armour fits poorly on your strangely shaped body.
You cover ground very quickly.
You have extremely tough skin. (AC +3)


Message History

You barely miss the orc warrior. Your kick misses the orc warrior.
The orc warrior is heavily wounded.
Unknown command.
You hit the orc warrior but do no damage.
The orc warrior is heavily wounded.
The orc warrior hits you with a battleaxe of electrocution!
* * * LOW HITPOINT WARNING * * *
You are electrocuted!
* * * LOW HITPOINT WARNING * * *
Unknown command.
You slash the orc warrior!
The orc warrior is almost dead.
You completely miss the orc warrior. Your kick misses the orc warrior.
The orc warrior is almost dead.
The orc warrior hits you with a battleaxe of electrocution!
* * * LOW HITPOINT WARNING * * *
You closely miss the orc warrior.
The orc warrior is severely wounded.
The orc warrior hits you with a battleaxe of electrocution!!
You die...

########
#@†....#
#)o..?.#
#......#
#....?.######
#...........#
#......$....#
##..........#
#..........###
#.....<........


You could see an orc warrior.

Vanquished Creatures
  Pikel (D:5)
  A wraith (D:5)
  3 slaves (D:5)
  An orc warrior (D:7)
  An ogre (D:7)
  A necrophage (D:7)
  2 bullfrogs
  4 scorpions
  2 crimson imps (D:5)
  2 orc priests
  An iguana (D:7)
  A centaur skeleton (D:6)
  An orc wizard (D:7)
  5 worker ants
  4 adders
  3 gnolls (D:4)
  A howler monkey skeleton (D:5)
  A shadow imp (D:4)
  An ooze (D:3)
  An adder zombie (D:5)
  2 adder skeletons (D:4)
  2 worms
  A dart slug (D:1)
  3 leopard geckos
  9 orcs
  12 jackals
  2 quokkas
  2 ball pythons
  3 bats
  A frilled lizard (D:3)
  4 goblins
  A jackal zombie (D:7)
  3 kobolds
  A leopard gecko skeleton (D:4)
  A quokka skeleton (D:4)
84 creatures vanquished.

Vanquished Creatures (others)
  A jackal (D:4)
1 creature vanquished.

Grand Total: 85 creatures vanquished

Notes
Turn   | Place    | Note
-------+----------+-------------------------------------------
     0 | D:1      | Lavandula the Centaur Berserker began the quest for the Orb.
     0 | D:1      | Reached XP level 1. HP: 19/19 MP: 1/1
    87 | D:1      | Reached XP level 2. HP: 22/26 MP: 2/2
   367 | D:3      | Reached XP level 3. HP: 11/31 MP: 3/3
   406 | D:4      | Noticed a scorpion
   412 | D:4      | Killed a scorpion
   412 | D:4      | Reached XP level 4. HP: 24/38 MP: 4/4
   814 | D:2      | Found a shadowy altar of Dithmenos.
   874 | D:3      | Found a radiant altar of Vehumet.
   983 | D:5      | Entered Level 5 of the Dungeon
  1004 | D:4      | Reached ** piety under Trog
  1005 | D:4      | Reached skill level 5 in Axes
  1025 | D:5      | Noticed a slave
  1029 | D:5      | Reached XP level 5. HP: 45/45 MP: 5/5
  1039 | D:5      | Killed a slave
  1186 | D:4      | Reached XP level 6. HP: 20/51 MP: 6/6
  1447 | D:4      | Found an ornate altar of the Wu Jian Council.
  1450 | D:4      | Found an iron altar of Okawaru.
  1453 | D:4      | Found a hide-covered altar of Uskayaw.
  1553 | D:5      | Reached skill level 1 in Throwing
  1587 | D:5      | Noticed a wraith
  1870 | D:5      | Killed a wraith
  1870 | D:5      | Reached XP level 7. HP: 57/57 MP: 7/7
  2013 | D:5      | Noticed Pikel
  2030 | D:5      | Killed Pikel
  2030 | D:5      | Reached XP level 8. HP: 58/71 MP: 8/8
  2372 | D:7      | Found a sparkling altar of Nemelex Xobeh.
  2473 | D:6      | Found a staircase to the Ecumenical Temple.
  2476 | D:6      | Reached *** piety under Trog
  2598 | D:8      | Reached skill level 1 in Evocations
  2604 | D:8      | Demolished by an orc warrior

Skill      XL: |  1  2  3  4  5  6  7  8 |
---------------+-------------------------+-----
Axes           | 3 4 5 6 7 |  7.3
Throwing       | 3 |  3.2
Fighting       | 6 7 |  7.8
Evocations     | 1 |  1.8
Armour         | |  1.3
Dodging        | |  1.3

Action                   |  1- 3 |  4- 6 |  7- 9 || total
-------------------------+-------+-------+-------++-------
Melee: Hand axe          |    55 |    15 |       ||    70
       Kick              |     7 |    13 |     9 ||    29
       War axe           |       |    88 |    71 ||   159
 Fire: Blowgun           |       |    15 |       ||    15
Invok: Berserk           |     3 |     6 |     6 ||    15
       Trog's Hand       |       |     3 |     1 ||     4
Evoke: Wand              |       |       |     2 ||     2
  Use: Scroll            |       |     4 |       ||     4
       Potion            |       |     1 |       ||     1
  Eat: Chunk             |       |     9 |     4 ||    13
       Ration            |       |       |     2 ||     2
Armor: Animal skin       |    21 |    37 |    17 ||    75
       Skin              |       |    31 |       ||    31
       Ring mail         |       |       |     2 ||     2
Dodge: Dodged            |    30 |    69 |    28 ||   127
